 Dungeon Crawl Stone Soup version 0.31-a0-233-g139696dc86 (webtiles) character file.

Game seed: 17264146473046414799

153 Snarbu88 the Chopper (level 5, -1/48 HPs)
             Began as a Gargoyle Fighter on July 8, 2023.
             Slain by Pikel
             ... wielding a +2 whip of flaming
              (10 damage)
             ... on level 4 of the Dungeon.
             The game lasted 00:04:39 (2294 turns).

Snarbu88 the Chopper (Gargoyle Fighter)             Turns: 2294, Time: 00:04:39

Health: -1/48      AC: 12    Str: 22    XL:     5   Next: 35%
Magic:  5/5        EV: 14    Int:  8    God:
Gold:   82         SH:  4    Dex:  9    Spells: 4/4 levels left

rFire   . . .        g - +0 hand axe (freeze)
rCold   . . .        c - +0 buckler
rNeg    + . .        b - +0 scale mail
rPois   ∞            d - +0 helmet
rElec   +            (no cloak)
rCorr   .            (no gloves)
SInv    +            (no boots)
Will    .....        (no amulet) Stlth
                     l - +5 ring of evasion
HPRegen 0.28/turn    t - ring of see invisible
MPRegen 0.09/turn

%: no passive effects
@: berserking (expiring), very quick
A: sickness immunity, AC +4, negative energy resistance 1, electricity
resistance, torment resistance 1, petrification resistance
a: no special abilities


You were on level 4 of the Dungeon.
You visited 1 branch of the dungeon, and saw 4 of its levels.

You collected 82 gold pieces.

Inventory:

Hand Weapons
 a - a +0 war axe
 g - a +0 hand axe of freezing (weapon)
 p - a +0 flail
Armour
 b - a +0 scale mail (worn)
 c - a +0 buckler (worn)
 d - a +0 helmet (worn)
Jewellery
 l - a +5 ring of evasion (left hand)
 t - a ring of see invisible (right hand)
Scrolls
 f - a scroll of fog {unknown}
 i - a scroll of silence {unknown}
 j - 2 scrolls of teleportation {unknown}
 n - a scroll of amnesia
 r - a scroll of noise
Potions
 e - 3 potions of enlightenment
 k - a potion of curing {unknown}
 m - a potion of invisibility
 o - a potion of attraction {unknown}


   Skills:
 - Level 3.2 Fighting
 * Level 4.9 Axes
 - Level 3.2 Armour
 - Level 3.2 Shields


You had 4 spell levels left.
You didn't know any spells.
Your spell library contained the following spells:

 Spells                   Type           Power      Damage    Failure   Level
 Portal Projectile        Hex/Tloc       0%         N/A       99%         3
 Tukima's Dance           Hex            0%         N/A       99%         3
 Vhi's Electric Charge    Tloc/Air       0%         N/A       99%         3
 Cause Fear               Hex            0%         N/A       100%        4
 Arcjolt                  Conj/Air       0%         1d10      100%        5
 Blade Hands              Tmut           0%         N/A       100%        5
 Plasma Beam              Fire/Air       0%         2x1d10    100%        6
 Dragon Form              Tmut           0%         N/A       100%        7
 Dragon's Call            Summ           0%         N/A       100%        9


Dungeon Overview and Level Annotations

Branches:
Dungeon (4/15)
 Temple: D:4-7

Altars:
Fedhas
Hepliaklqana
Xom
The Shining One

Shops:
D:3 (   D:4 (

Annotations:
D:4 Pikel


Innate Abilities, Weirdness & Mutations

You are immune to sickness and miasma.
Your stone body is resilient. (AC +4)
You are immune to poison.
You resist negative energy. (rN+)
You are resistant to electric shocks. (rElec)
You are resistant to unholy torment.
You are immune to petrification.


Message History

Found a pair of embroidered gloves.
Pikel rages.
A red film seems to cover your vision as you go berserk!
You feel yourself moving faster!
You feel mighty!
Pikel hits you with a +2 whip of flaming!
Pikel burns you.
You slash Pikel! You freeze Pikel.
Pikel is moderately wounded.
You block Pikel's attack.
You hit Pikel but do no damage.
Pikel is moderately wounded.
Pikel closely misses you.
You barely miss Pikel.
Pikel is moderately wounded.
Pikel hits you with a +2 whip of flaming.
Pikel burns you.
You hit Pikel. You freeze Pikel.
Pikel is heavily wounded.
Pikel barely misses you.
You closely miss Pikel.
Pikel is heavily wounded.
Pikel hits you with a +2 whip of flaming!
Pikel burns you.
You hit Pikel but do no damage.
Pikel is heavily wounded.
Pikel closely misses you.
Pikel hits you with a +2 whip of flaming.
* * * LOW HITPOINT WARNING * * *
Pikel burns you.
* * * LOW HITPOINT WARNING * * *
You closely miss Pikel.
Pikel is heavily wounded.
Pikel misses you.
You barely miss Pikel.
Pikel is heavily wounded.
Pikel hits you but does no damage.
You hit Pikel. You freeze Pikel.
Pikel is heavily wounded.
Pikel hits you with a +2 whip of flaming!
You die...

###.....# #... #
#####.###.# #
#....)######
#..<........ ###
#........... ..#
#...###..... #.# #5..#
#..### #.# #5..###.## #
#@# #.5.....# # #K#
#..##.### #
[.####5#####..##.# #
.......55..5.5....######
...####.................
##################


You could see Pikel (berserk) and 3 lemures.

Vanquished Creatures
  A lemure (D:3)
  An orc wizard (D:3)
  Robin (D:2)
  5 adders
  A dart slug (D:2)
  8 orcs (D:3)
  4 ball pythons
  2 bats (D:1)
  4 endoplasms
  5 giant cockroaches
  4 hobgoblins
  7 kobolds
  A quokka (D:1)
  4 frilled lizards
  12 goblins
  3 rats
  A spectral orc (D:3)
64 creatures vanquished.

Notes
Turn   | Place    | Note
-------+----------+-------------------------------------------
     0 | D:1      | Snarbu88 the Gargoyle Fighter began the quest for the Orb.
     0 | D:1      | Reached XP level 1. HP: 14/14 MP: 1/1
    99 | D:1      | Reached skill level 2 in Axes
   188 | D:1      | Reached XP level 2. HP: 19/19 MP: 2/2
   348 | D:1      | Reached skill level 3 in Axes
   521 | D:1      | Reached XP level 3. HP: 23/23 MP: 3/3
   723 | D:2      | Noticed Robin
   746 | D:2      | Killed Robin
   750 | D:2      | Reached XP level 4. HP: 11/28 MP: 4/4
   912 | D:2      | Reached skill level 4 in Axes
   964 | D:2      | Found a glowing golden altar of the Shining One.
  1645 | D:3      | Reached XP level 5. HP: 15/32 MP: 5/5
  1786 | D:3      | Found Duzamini's Weapon Boutique.
  1791 | D:3      | Found a shimmering altar of Xom.
  1797 | D:3      | Found a shimmering altar of Xom.
  1797 | D:3      | Found a shimmering altar of Xom.
  1798 | D:3      | Found a shimmering altar of Xom.
  1798 | D:3      | Found a shimmering altar of Xom.
  1798 | D:3      | Found a shimmering altar of Xom.
  1798 | D:3      | Found a shimmering altar of Xom.
  1825 | D:3      | Found a shimmering altar of Xom.
  1891 | D:3      | Found a blossoming altar of Fedhas.
  1993 | D:3      | Found a hazy altar of Hepliaklqana.
  2105 | D:4      | Noticed a lemure
  2106 | D:4      | Noticed Pikel
  2106 | D:4      | Noticed a lemure
  2133 | D:3      | Killed a lemure
  2240 | D:4      | Found Tiel's Weapon Emporium.
  2273 | D:4      | Noticed a lemure
  2274 | D:4      | Noticed a lemure
  2294 | D:4      | Slain by Pikel

Illustrated notes

Levels and vault maps discovered:
D:1:      dpeg_arrival_castle, layout_basic
D:2:      layout_basic, basic_altar, uniq_robin
D:3:      layout_rooms, mainiacjoe_overflow_alcove_1, xom_redecorated,
          nicolae_hepliaklqana_monster_ancestors, serial_shops, shop
D:4:      layout_loops_ring, minmay_temple_entry_junction_2, serial_shops, shop,
          grunt_ministairs_1, uniq_blork_the_orc, uniq_pikel,
          uniq_crazy_yiuf_cottage

Skill      XL: |  1  2  3  4 |
---------------+-------------+-----
Axes           | 2 3 4 |  4.9
Fighting       | |  3.2
Armour         | |  3.2
Shields        | |  3.2

Action                     |  1- 3 |  4- 6 || total
---------------------------+-------+-------++-------
  Melee: War axe           |    73 |   125 ||   198
         Hand axe          |       |     9 ||     9
    Use: Potion            |     1 |     1 ||     2
         Scroll            |       |     7 ||     7
 Armour: Scale mail        |    52 |    51 ||   103
  Dodge: Dodged            |    40 |    84 ||   124
  Block: Buckler           |    16 |    25 ||    41

Table legend: (Time is in decaauts)
 A = Elapsed time spent in this place.
 B = Non-inter-level travel time spent in this place.
 C = Inter-level travel time spent in this place.
 D = Time resting spent in this place.
 E = Time spent auto-exploring this place.
 F = Levels seen in this place.
 G = Mean time per level.
                   A        B        C        D        E       F      G
               +--------+--------+--------+--------+--------+-----+--------+
         Total |   2361 |   2199 |    162 |    145 |   1336 |   4 |  590.2 |
       Dungeon |   2361 |   2199 |    162 |    145 |   1336 |   4 |  590.2 |
               +--------+--------+--------+--------+--------+-----+--------+

Top non-repeatable levels by time:
     D:2: 904 daAuts
     D:3: 724 daAuts
     D:1: 638 daAuts
     D:4: 93 daAuts
